Map: [ESL] Royal Blood

Players

Classic

  • Race: Protoss Protoss
  • Spawn Location: 7:00

Dark - Winner!

  • Race: Zerg Zerg
  • Spawn Location: 1:00

Event: ESL SC2 Masters 2023 Summer (Finals)

VOD

Have the link to the VOD?

Description

Time

  • Played on: June 16, 2023, 11:09 a.m.
  • Length: 10:38

All games in this series

Show
View Real Time Build Order
Export as new Build Order

Classic Protoss 

Build Orders: 1 Gate Expand, Oracle Opening 

Get SALT Encoding   

  12  0:00  Probe  
  13  0:12  Pylon  
  13  0:17  Probe (Chrono Boost)  
  14  0:26  Probe (Chrono Boost)  
  15  0:31  Probe (Chrono Boost)  
  16  0:38  Gateway  
  16  0:43  Probe  
  17  0:50  Assimilator  
  17  0:55  Probe  
  18  1:08  Probe  
  19  1:20  Probe  
  20  1:29  Nexus  
  20  1:32  Probe  
  21  1:40  Cybernetics Core  
  21  1:44  Probe  
  22  1:49  Assimilator  
  22  1:54  Pylon  
  22  1:57  Probe  
  23  2:12  Probe  
  23  2:13  Adept (Chrono Boost)  
  24  2:19  Stargate  
  26  2:24  Probe  
  26  2:27  Warp Gate  
  27  2:36  Adept  
  27  2:37  Probe (Chrono Boost)  
  30  2:41  Probe (Chrono Boost)  
  31  2:50  Probe (Chrono Boost)  
  31  2:51  Probe (Chrono Boost)  
  33  2:54  Probe (Chrono Boost)  
  33  2:56  Probe (Chrono Boost)  
  35  3:02  Oracle (Chrono Boost)  
  38  3:08  Probe x2  
  40  3:16  Pylon  
  40  3:20  Probe x2  
  40  3:23  Gateway  
  42  3:31  Oracle (Chrono Boost)  
  42  3:32  Probe  
  46  3:34  Probe  
  47  3:45  Probe  
  47  3:47  Probe  
  47  3:48  Nexus  
  49  3:52  Pylon  
  49  3:57  Probe  
  49  3:59  Probe, Oracle (Chrono Boost)  
  49  4:02  Assimilator  
  54  4:05  Assimilator  
  55  4:10  Probe  
  55  4:13  Probe  
  55  4:15  Pylon  
  56  4:20  Adept x2  
  56  4:22  Probe  
  61  4:25  Probe  
  62  4:34  Probe  
  62  4:36  Forge, Twilight Council  
  62  4:37  Probe  
  64  4:40  Gateway  
  64  4:46  Gateway  
  64  4:49  Probe x2  
  66  4:55  Gateway  
  66  4:58  Gateway  
  66  5:02  Probe x3 (Chrono Boost)  
  66  5:06  Shield Battery  
  69  5:14  Probe x3 (Chrono Boost)  
  69  5:16  Charge (Chrono Boost)  
  69  5:19  Zealot  
  69  5:20  Zealot  
  76  5:22  Pylon  
  76  5:23  Probe x3, Protoss Ground Weapons Level 1 (Chrono Boost)  
  79  5:33  Pylon  
  79  5:36  Probe x3  
  82  5:48  Zealot x2  
  82  5:49  Zealot x3  
  90  5:52  Zealot  
  84  6:06  Nexus  
  84  6:09  Zealot x3  
  84  6:10  Zealot  
  92  6:13  Sentry  
  92  6:14  Zealot  
  92  6:17  Shield Battery  
  88  6:32  Zealot x4  
  89  6:36  Zealot x2  
  85  6:40  Pylon  
  67  6:52  Zealot x3  
  67  6:53  Zealot  
  71  6:57  Zealot  
  71  6:58  Zealot  
  75  7:03  Pylon  
  75  7:05  Pylon  
  75  7:10  Pylon  
  75  7:12  Pylon  
  67  7:21  Pylon  
  67  7:24  Zealot x6  
  55  7:43  Probe x2  
  58  7:44  Probe  
  58  7:45  Protoss Ground Weapons Level 2 (Chrono Boost)  
  58  7:46  Templar Archives  
  58  7:48  Pylon  
  58  7:55  Probe x2  
  58  7:56  Probe  
  61  8:07  Probe, Zealot x2  
  61  8:08  Probe x2, Zealot  
  61  8:12  Zealot  
  60  8:20  Probe (Chrono Boost)  
  60  8:25  Gateway  
  61  8:28  High Templar x4  
  61  8:31  Probe (Chrono Boost)  
  61  8:32  Archon x2  
  61  8:33  Zealot  
  72  8:38  Probe (Chrono Boost)  
  72  8:40  Pylon  
  73  8:50  Probe (Chrono Boost)  
  73  8:52  Gateway  
  73  8:54  Gateway  
  74  8:58  Probe (Chrono Boost), Gateway  
  74  9:01  High Templar x2  
  74  9:02  High Templar x2  
  83  9:04  Probe  
  83  9:06  Archon x2  
  83  9:11  Pylon  
  83  9:13  Zealot  
  84  9:21  Shield Battery  
  83  9:24  Zealot  
  85  9:34  High Templar x4  
  85  9:35  Zealot  
  95  9:40  Archon x2  
  95  9:46  Probe x3  
  98  9:58  Stalker x5  
  108  10:01  Pylon  
  102  10:08  Stalker x3  
  102  10:10  Stalker  
  106  10:22  Zealot x3  
  106  10:23  Zealot  
  106  10:27  Zealot  
Show
View Real Time Build Order
Export as new Build Order

Dark Zerg - Winner!

Build Orders: Hatch First 

Get SALT Encoding   

  12  0:01  Drone  
  13  0:13  Overlord  
  13  0:17  Drone  
  14  0:31  Drone x2  
  16  0:51  Hatchery, Drone  
  16  0:55  Drone  
  17  0:58  Drone  
  18  1:09  Extractor  
  17  1:14  Spawning Pool  
  17  1:17  Drone  
  17  1:20  Drone  
  18  1:31  Drone  
  19  1:40  Drone  
  20  1:50  Drone  
  21  2:02  Queen  
  21  2:04  Queen  
  21  2:05  Zergling x2  
  21  2:06  Zergling x2  
  27  2:13  Metabolic Boost  
  27  2:14  Overlord  
  27  2:16  Drone  
  28  2:34  Drone x2  
  28  2:36  Drone  
  31  2:41  Hatchery  
  30  2:46  Zergling x2  
  30  2:49  Overlord  
  30  2:50  Zergling x2  
  32  2:56  Queen  
  34  2:59  Drone  
  34  3:01  Drone  
  36  3:11  Spore Crawler  
  35  3:14  Drone  
  35  3:15  Drone  
  35  3:18  Drone x5  
  42  3:23  Overlord  
  42  3:24  Drone  
  42  3:26  Drone  
  44  3:29  Spore Crawler  
  44  3:32  Drone  
  44  3:41  Queen, Spore Crawler  
  44  3:42  Drone  
  44  3:46  Drone  
  44  3:47  Drone x2  
  49  3:49  Drone  
  49  3:51  Drone  
  49  3:53  Drone  
  52  3:57  Evolution Chamber  
  52  3:59  Queen  
  52  4:02  Drone  
  54  4:04  Drone  
  54  4:07  Drone  
  54  4:09  Drone x2  
  58  4:13  Overlord  
  58  4:18  Overlord  
  58  4:19  Spore Crawler  
  58  4:20  Drone  
  58  4:28  Queen  
  56  4:32  Drone x2  
  56  4:33  Drone x2  
  56  4:34  Drone x3  
  56  4:37  Drone  
  63  4:39  Drone x2  
  63  4:41  Drone  
  63  4:43  Zergling x2  
  67  4:47  Zergling x2  
  67  4:48  Zerg Melee Weapons Level 1  
  67  4:49  Drone  
  67  4:50  Drone x2  
  71  4:54  Zergling x6  
  71  4:57  Overlord  
  71  4:59  Overlord  
  74  5:02  Overlord  
  74  5:03  Extractor  
  73  5:08  Overlord  
  73  5:13  Zergling x6  
  74  5:17  Baneling Nest  
  74  5:19  Zergling x2  
  74  5:20  Zergling x6  
  77  5:22  Hatchery  
  77  5:26  Zergling x4  
  78  5:29  Zergling x4  
  78  5:32  Zergling x4  
  78  5:34  Zergling x6  
  85  5:39  Zergling x8  
  85  5:52  Zergling x8  
  88  6:00  Baneling x12  
  83  6:05  Zergling x12, Baneling  
  87  6:13  Baneling  
  87  6:14  Baneling  
  87  6:16  Zergling x6  
  84  6:28  Zergling x6  
  79  6:33  Baneling x2  
  79  6:34  Baneling x2  
  79  6:35  Zergling x4  
  78  6:41  Zergling x2  
  78  6:43  Queen x3  
  78  6:46  Zergling x4  
  80  6:49  Zergling x2  
  81  6:55  Drone x2  
  81  6:56  Zerg Missile Weapons Level 1  
  81  6:57  Roach Warren  
  81  6:59  Drone x4  
  81  7:00  Queen  
  88  7:03  Baneling x3  
  88  7:07  Zergling x6  
  91  7:13  Zergling x2  
  90  7:20  Baneling  
  90  7:21  Baneling, Zergling x2  
  88  7:25  Extractor, Drone x3  
  88  7:26  Extractor  
  88  7:28  Drone x2  
  88  7:29  Drone  
  83  7:39  Drone x4  
  83  7:40  Lair  
  83  7:43  Spore Crawler  
  83  7:44  Drone, Spore Crawler  
  87  7:50  Drone x3  
  89  7:56  Drone x2  
  91  7:58  Roach  
  91  7:59  Roach x5  
  91  8:01  Overlord  
  91  8:02  Overlord  
  91  8:03  Roach x2  
  107  8:08  Roach  
  107  8:10  Roach x2  
  110  8:13  Roach  
  110  8:14  Roach  
  110  8:15  Overlord  
  110  8:16  Roach, Overlord  
  111  8:20  Drone  
  111  8:24  Zergling x2  
  111  8:25  Zergling x2  
  114  8:28  Zergling x6  
  114  8:30  Zergling x12  
  114  8:33  Zergling x4  
  125  8:37  Glial Reconstitution  
  125  8:38  Zergling x2  
  125  8:40  Zergling x2  
  127  8:42  Zergling x2  
  127  8:46  Zergling x2  
  129  8:48  Zergling x2  
  129  8:50  Roach  
  129  8:54  Roach  
  129  8:55  Roach  
  136  9:00  Overlord  
  136  9:02  Overlord  
  136  9:05  Overlord  
  136  9:08  Overlord x3  
  136  9:15  Overlord x2  
  134  9:20  Roach x6  
  134  9:22  Roach x2  
  147  9:27  Roach x2  
  147  9:28  Roach  
  153  9:32  Roach x7  
  153  9:35  Roach x2  
  153  9:36  Roach  
  153  9:37  Roach  
  175  9:39  Roach  
  175  9:43  Roach  
  175  9:45  Roach  
  181  9:49  Roach x2  
  183  9:56  Roach x3  
  183  9:58  Zergling x8  
  193  10:00  Roach  
  193  10:02  Roach  
  193  10:06  Roach  
  199  10:16  Roach  
  178  10:32  Ravager x2  
Tags
 
Add a new tag
Caveats
  • Supply blocks, unpowered buildings, or Contaminate may cause inaccurate times.
  • Supply counts are checked every 10 seconds.